 Dungeon Crawl Stone Soup version 0.31.0-12-g77e489cdc1 (webtiles) character file.

Game seed: 18098930788066355507

1491 Ashen the Fighter (level 8, -1/84 (88) HPs)
             Began as an Oni Berserker on Feb 14, 2024.
             Was a Priest of Trog.
             Succumbed to a hornet's poison
             ... on level 7 of the Dungeon.
             The game lasted 00:11:45 (7575 turns).

Ashen the Fighter (Oni Berserker)                   Turns: 7575, Time: 00:11:46

HP:   -1/84 (88)    AC:  4    Str: 22    XL:     8   Next: 80%
MP:   0/8           EV: 11    Int:  8    God:    Trog [***...]
Gold: 0             SH:  0    Dex: 10    Spells: 7/7 levels left

rFire   . . .        A - +0 giant club
rCold   . . .        (shield currently unavailable)
rNeg    . . .        b - +0 animal skin
rPois   .            (helmet restricted)
rElec   .            x - +0 cloak
rCorr   .            (gloves unavailable)
SInv    .            (boots unavailable)
Will    .....        (no amulet)
Stlth   +            (no ring)
HPRegen 0.34/turn    (no ring)
MPRegen 0.11/turn

%: no passive effects
@: lethally poisoned (-1 -> -3), on berserk cooldown, slowed, lightly drained,
very slow
A: large, unfitting armour, horns 1, tough skin 1, double potion healing,
drunken brawling
a: Renounce Religion, Berserk, Trog's Hand


You were on level 7 of the Dungeon.
You worshipped Trog.
Trog was most pleased with you.
You visited 1 branch of the dungeon, and saw 7 of its levels.

Inventory:

Hand Weapons
 o - a +0 flail
 A - a +0 giant club (weapon)
Missiles
 s - a large rock (quivered)
Armour
 b - a +0 animal skin (worn)
 x - a +0 cloak (worn)
Wands
 l - a wand of flame (26)
 u - a wand of digging (6)
Scrolls
 c - 7 scrolls of identify {unknown}
 d - a scroll of fear {unknown}
 e - 2 scrolls of noise {unknown}
 f - 3 scrolls of teleportation {unknown}
 h - 2 scrolls of vulnerability {unknown}
 j - a scroll of blinking {unknown}
 m - a scroll of torment {unknown}
 n - a scroll of fog {unknown}
 r - 2 scrolls of revelation {unknown}
 v - a scroll of amnesia {unknown}
 w - a scroll of summoning {unknown}
 B - 3 scrolls of enchant armour {unknown}
Potions
 a - 3 potions of heal wounds {unknown}
 g - 2 potions of haste {unknown}
 i - 2 potions of curing
 k - 2 potions of attraction {unknown}
 p - 3 potions of brilliance {unknown}
 q - a potion of resistance {unknown}
 t - 2 potions of enlightenment {unknown}
 z - a potion of lignification {unknown}


   Skills:
 + Level 8.1 Fighting
 + Level 6.1 Maces & Flails
 + Level 4.4 Armour
 + Level 5.6 Dodging


You had 7 spell levels left.
You didn't know any spells.
Your spell library was empty.

Dungeon Overview and Level Annotations

Branches:
Dungeon (7/15)             Temple (0/1) D:6

Altars:
Cheibriados
Hepliaklqana
The Shining One

Annotations:
D:7 Maurice


Innate Abilities, Weirdness & Mutations

You are too large for most types of armour.
You have a pair of small horns on your head.
You have tough skin. (AC +1)
You gain doubled healing and magic from potions.
Whenever you drink a healing potion, you attack all around you.


Message History

You feel yourself slow down.
You feel sick. The hornet stings you!
You feel as though you will be slow longer.
Something hits you.
Something steals your ring of willpower!
Something bites you.
You feel your power leaking away. Something drains your magic.
The hornet stings you.
You feel as though you will be slow longer.
You can move again.
You barely miss the hornet.
You feel sick. The hornet misses you. Something hits you.
Something steals your +2 morningstar of draining!
Something completely misses you.
The hornet stings you but does no damage.
You sock the hornet!
The hornet is moderately wounded.
You are no longer berserk.
You are exhausted.
You feel as though you will be slow longer.
You feel sick. Something hits you!
Something steals 2 of your 3 large rocks!
Something bites you.
* * * LOW HITPOINT WARNING * * *
You feel your power leaking away. Something drains your magic.
The hornet stings you.
* * * LOW HITPOINT WARNING * * *
You feel as though you will be slow longer.
Something hits you!
* * * LOW HITPOINT WARNING * * *
Something steals 76 gold pieces!
You now have 0 gold pieces.
Something bites you.
* * * LOW HITPOINT WARNING * * *
Something drains your magic. The hornet stings you.
* * * LOW HITPOINT WARNING * * *
You feel as though you will be slow longer.
Unknown command.
You thump the hornet! Your headbutt misses the hornet.
The hornet is severely wounded.
You die...

####...........
##..........
##....####
##...# ##..##
#..### ##....#
##..##......
#.y@# ######
#.{## #...#
#.....
.........
##........#
.......y.#
............
##.#.........


You could see a hornet.

Vanquished Creatures
  Sigmund (D:6)
  A water moccasin (D:5)
  An ogre (D:5)
  A phantom (D:6)
  3 scorpions
  A bullfrog (D:6)
  An electric eel (D:6)
  A hound (D:4)
  3 bombardier beetles
  A jelly (D:5)
  An orc priest (D:5)
  A sleepcap (D:5)
  Terence (D:2)
  3 iguanas
  6 orc wizards
  6 gnolls
  8 adders
  3 river rats (D:5)
  2 shadow imps
  2 white imps
  2 ufetubi (D:6)
  14 dart slugs
  2 ribbon worms
  18 orcs
  6 bats
  10 endoplasms
  5 giant cockroaches
  8 goblins
  5 hobgoblins
  8 jackals
  6 kobolds
  4 quokkas
  7 ball pythons
  A frilled lizard (D:1)
  6 rats
149 creatures vanquished.

Notes
Turn   | Place    | Note
-------+----------+-------------------------------------------
     0 | D:1      | Ashen the Oni Berserker began the quest for the Orb.
     0 | D:1      | Reached XP level 1. HP: 24/24 MP: 1/1
   305 | D:1      | Reached XP level 2. HP: 32/32 MP: 2/2
   547 | D:1      | Reached XP level 3. HP: 40/40 MP: 3/3
  1305 | D:2      | Reached XP level 4. HP: 43/49 MP: 4/4
  1430 | D:2      | Reached ** piety under Trog
  1503 | D:2      | Reached skill level 1 in Armour
  1821 | D:2      | Noticed Terence
  1828 | D:2      | Killed Terence
  1829 | D:2      | Reached skill level 5 in Fighting
  2179 | D:3      | Reached XP level 5. HP: 57/57 MP: 5/5
  3271 | D:4      | Reached XP level 6. HP: 52/67 MP: 6/6
  3344 | D:4      | Found a glowing golden altar of the Shining One.
  4145 | D:5      | Entered Level 5 of the Dungeon
  4178 | D:5      | Reached *** piety under Trog
  4326 | D:5      | Reached skill level 6 in Fighting
  4452 | D:5      | Noticed a water moccasin
  4458 | D:5      | Killed a water moccasin
  4459 | D:5      | Reached XP level 7. HP: 75/75 MP: 7/7
  4933 | D:5      | Reached skill level 5 in Maces & Flails
  5370 | D:5      | Reached skill level 7 in Fighting
  5374 | D:5      | Reached XP level 8. HP: 87/87 MP: 8/8
  5542 | D:5      | Reached skill level 5 in Dodging
  5950 | D:6      | Found a snail-covered altar of Cheibriados.
  6501 | D:6      | Found a staircase to the Ecumenical Temple.
  6551 | D:6      | Noticed Sigmund
  6555 | D:6      | Killed Sigmund
  6595 | D:6      | Reached **** piety under Trog
  7335 | D:7      | Found a hazy altar of Hepliaklqana.
  7350 | D:7      | Reached skill level 8 in Fighting
  7561 | D:7      | Noticed Maurice
  7562 | D:7      | Noticed a hornet
  7569 | D:7      | Maurice stole 281 gold
  7570 | D:7      | Paralysed by a hornet for 3 turns
  7572 | D:7      | Something stole a ring of willpower
  7573 | D:7      | Something stole a +2 morningstar of draining
  7574 | D:7      | Something stole 3 large rocks
  7574 | D:7      | Something stole 76 gold
  7574 | D:7      | HP: 1/84 [hornet (5)]
  7575 | D:7      | Succumbed to a hornet's poison

Illustrated notes

Levels and vault maps discovered:
D:1:      nzn_arrival_water_spiral, layout_basic, minmay_fountain_box
D:2:      layout_loops_cross, uniq_terence
D:3:      layout_loops_corners
D:4:      layout_basic, lemuel_round_altar
D:5:      layout_basic, portal_sewer_entry_e
D:6:      kennysheep_slugbush, layout_basic, mainiacjoe_overflow_cross_hatched,
          minmay_temple_entry_slanted, serial_bayou_lake_a, uniq_sigmund
D:7:      layout_layer_cave, mainiacjoe_overflow_small_starburst,
          serial_co_window_serial, co_window_of_opportunity_a,
          co_window_paths_b, co_window_corner_a, co_window_paths_a,
          co_window_paths_a, co_window_corner_a, co_window_corner_b,
          co_window_corner_b, co_window_broadway_a, co_window_2corner,
          co_window_cross_4, co_window_unsneaky_path_c, glass_columns_b,
          glass_columns_b, glass_columns_b, glass_columns_a,
          chequers_serial_rivers_micro_a, chequers_decorated_corner,
          uniq_maurice

Skill      XL: |  1  2  3  4  5  6  7  8 |
---------------+-------------------------+-----
Dodging        | 3 4 5 |  5.6
Armour         | 1 2 3 4 |  4.4
Fighting       | 5 6 7 8 |  8.1
Maces & Flails | 4 5 6 |  6.1

Action                     |  1- 3 |  4- 6 |  7- 9 || total
---------------------------+-------+-------+-------++-------
  Melee: Mace              |    72 |    73 |       ||   145
         Headbutt          |     6 |    26 |    28 ||    60
         Punch             |       |     1 |     1 ||     2
         Flail             |       |    83 |    83 ||   166
         Giant club        |       |       |    87 ||    87
  Throw: Large rock        |       |     4 |     9 ||    13
 Invoke: Berserk           |     2 |     2 |     7 ||    11
    Use: Potion            |       |       |     3 ||     3
   Stab: Sleeping          |     1 |     1 |       ||     2
 Armour: Animal skin       |    72 |   106 |   188 ||   366
  Dodge: Dodged            |    59 |    94 |   147 ||   300
